 Dungeon Crawl Stone Soup version 0.31-a0-128-g25add195a6 (webtiles) character file.

Game seed: 5478366086144478127

9089 Barriton the Destroyer (level 11, -10/86 HPs)
             Began as a Green Draconian Conjurer on June 1, 2023.
             Was a Believer of Sif Muna.
             Killed by divine providence
             ... invoked by an orc priest
             ... led by an orc warlord
              (14 damage)
             ... on level 1 of the Orcish Mines.
             The game lasted 00:27:22 (13663 turns).

Barriton the Destroyer (Green Draconian Conjurer)  Turns: 13663, Time: 00:27:23

Health: -10/86     AC: 13    Str:  8    XL:     11   Next: 18%
Magic:  2/24       EV: 13    Int: 34    God:    Sif Muna [**....]
Gold:   428        SH:  0    Dex:  8    Spells: 21/28 levels left

rFire   x . .        q - staff of earth
rCold   + . .        (no shield)
rNeg    . . .        (body armour unavailable)
rPois   +            (helmet restricted)
rElec   .            z - +2 cloak {rCorr}
rCorr   +            v - +1 pair of gloves {infuse}
SInv    .            s - +0 pair of boots
Will    +....        f - amulet of regeneration
Stlth   ++           l - ring of ice
HPRegen 1.14/turn    n - +6 ring of intelligence
MPRegen 0.19/turn

%: infuse magic (1 MP)
@: enlightened, flying
A: breathe noxious fumes, AC +7, unfitting armour, poison resistance,
cold-blooded, clever 1
a: Breathe Noxious Fumes, Renounce Religion, Channel Magic


You were on level 1 of the Orcish Mines.
You worshipped Sif Muna.
Sif Muna was pleased with you.
You visited 3 branches of the dungeon, and saw 12 of its levels.
You also visited: Sewer.

You collected 664 gold pieces.
You spent 236 gold pieces at shops.

Inventory:

Missiles
 y - a throwing net
Armour
 s - a +0 pair of boots (worn)
 v - a +1 pair of gloves of infusion (worn)
 z - a +2 cloak of preservation (worn)
Magical Staves
 q - a staff of earth (weapon)
Jewellery
 f - an amulet of regeneration (around neck)
 l - a ring of ice (left hand)
 n - a +6 ring of intelligence (right hand)
Wands
 r - a wand of digging (5)
 B - a wand of flame (12)
Scrolls
 a - 2 scrolls of fog
 h - 3 scrolls of magic mapping
 i - a scroll of poison
 j - 4 scrolls of summoning
 k - 4 scrolls of enchant weapon
 u - 4 scrolls of teleportation
 A - a scroll of amnesia
Potions
 b - a potion of enlightenment
 c - a potion of curing
 d - 3 potions of brilliance
 e - 3 potions of ambrosia
 g - 3 potions of degeneration
 m - a potion of invisibility {unknown}
 o - a potion of attraction {unknown}
 t - 2 potions of might {unknown}
 w - a potion of haste {unknown}
 x - a potion of berserk rage {unknown}
Miscellaneous
 p - a piece from Xom's chessboard (15/15)


   Skills:
 + Level 5.0 Fighting
 + Level 5.4 Staves
 + Level 6.1 Dodging
 + Level 4.2 Stealth
 + Level 0.1 Unarmed Combat
 + Level 9.2 Spellcasting
 + Level 10.4 Conjurations
 + Level 2.1 Translocations
 * Level 2.0 Invocations


You had 21 spell levels left.
You knew the following spells:

 Your Spells              Type           Power      Damage    Failure   Level
a - Magic Dart            Conj           100%       1d8       1%          1
b - Searing Ray           Conj           100%       2d8       1%          2
c - Iskenderun's Mystic   Conj/Tloc      55%        2d12      2%          4

Your spell library contained the following spells:

 Spells                   Type           Power      Damage    Failure   Level
 Dazzling Flash           Conj/Hex       100%       N/A       1%          3
 Fulminant Prism          Conj/Hex       25%        3d14      3%          4
 Ensorcelled Hibernation  Hex/Ice        46%        N/A       4%          2
 Passwall                 Tmut/Erth      19%        N/A       4%          2
 Swiftness                Air            15%        N/A       9%          3
 Agony                    Necr           15%        N/A       63%         5
 Silence                  Hex/Air        7%         N/A       63%         5


Dungeon Overview and Level Annotations

Branches:
Dungeon (10/15)            Temple (1/1) D:7            Lair (0/5) D:9
    Orc (1/2) D:10          Sewer (visited)

Altars:
Ashenzari
Cheibriados
Dithmenos
Elyvilon
Fedhas
Gozag
Hepliaklqana
Kikubaaqudgha
Makhleb
Nemelex Xobeh
Okawaru
Qazlal
Ru
Sif Muna
Trog
Uskayaw
Vehumet
Wu Jian
Xom
Yredelemnul
Zin
The Shining One

Shops:
D:10 ([

Annotations:
D:7 3 runed translucent doors, Xtruder99's ghost, novice OpFi


Innate Abilities, Weirdness & Mutations

You can breathe blasts of noxious fumes.
Your lurid green scales are hard. (AC +7)
You cannot fit into any form of body armour.
Your system is resistant to poisons. (rPois)
You are cold-blooded and may be slowed by cold attacks.
Your mind is acute. (Int +4, Str/Dex -1)


Message History

* * * LOW HITPOINT WARNING * * *
Found 32 gold pieces.
As you read the scroll of teleportation, it crumbles to dust.
You feel strangely unstable.
The orc warrior hits you from afar with a +0 trident.
* * * LOW HITPOINT WARNING * * *
Your surroundings suddenly seem different. 2 orcs come into view.
Found 37 gold pieces.
The orc shouts!
You hear a shout! x2
You feel better.
An orc priest comes into view. It is wielding a +0 mace.
An orc sorcerer comes into view. It is wielding a +0 dagger.
As you read the scroll of teleportation, it crumbles to dust.
You feel strangely unstable.
The orc priest calls down the wrath of Beogh upon you.
Beogh smites you!
* * * LOW HITPOINT WARNING * * *
The orc sorcerer shouts!
The orc attacks as you move away! The orc hits you but does no damage.
The orc shouts!
You hit the orc. x2; You punch the orc.
You kill the orc!
Sif Muna accepts your kill.
Your surroundings suddenly seem different.
Found a stone staircase leading down.
The orc warrior no longer looks unusually strong.
The warg howls!
You hear a shout!
The orc no longer looks unusually strong.
The orc sorcerer gestures wildly while chanting.
The orc sorcerer points at you and mumbles some strange words.
The bolt of fire hits the orc!!
The orc dies!
The bolt of fire hits you! The fire burns you terribly!
* * * LOW HITPOINT WARNING * * *
The orc warlord shouts!
The orc warrior shouts!
The orc priest calls down the wrath of Beogh upon you.
Beogh smites you!
You die...

..... .........
.....#..........
......#.#........
...>.............
.................
.................
....................
##........@..........
#......##o..#........
#.....#.............
##.o.o.hoO..........
#....o..o.........#
#....oo..h.))..#..##
##..4..o..#))).....#
#..........#........
#.<....#).......#..#


You could see 2 wargs, an orc sorcerer, a red devil (summoned), 4 orc warriors,
an ogre, an orc priest, an orc wizard and an orc.

Vanquished Creatures
  A two-headed ogre (D:8)
  Pikel (D:5)
  A kobold demonologist (D:10)
  A komodo dragon (D:9)
  Prince Ribbit (D:5)
  2 hornets
  2 wraiths (D:10)
  12 yaks
  A wyvern (D:9)
  Eustachio (D:5)
  A steam dragon (D:9)
  7 orc warriors
  A water moccasin (D:8)
  A black bear (D:7)
  An ogre (Orc:1)
  A lemure (D:5)
  3 centaurs
  A phantom (D:6)
  2 bullfrogs (D:7)
  4 gnoll sergeants
  3 scorpions
  14 wights
  3 killer bees (D:7)
  2 hounds
  An orc priest (D:8)
  3 gnoll boudas
  2 jellies
  6 iguanas
  10 orc wizards
  A sleepcap (D:4)
  32 gnolls
  10 adders
  2 river rats (Sewer)
  A shadow imp (D:5)
  A white imp (D:6)
  2 worms (D:3)
  4 dart slugs
  47 orcs
  11 endoplasms
  3 giant cockroaches
  11 goblins
  3 hobgoblins
  7 jackals
  10 quokkas
  10 ball pythons
  4 bats
  3 frilled lizards
  12 kobolds
  11 rats
274 creatures vanquished.

Vanquished Creatures (collateral kills)
  A catoblepas (D:9)
1 creature vanquished.

Vanquished Creatures (others)
  An orc (Orc:1)
1 creature vanquished.

Grand Total: 276 creatures vanquished

Notes
Turn   | Place    | Note
-------+----------+-------------------------------------------
     0 | D:1      | Barriton the Draconian Conjurer began the quest for the
                  | Orb.
     0 | D:1      | Reached XP level 1. HP: 14/14 MP: 3/3
   217 | D:1      | Found a faded altar of an unknown god.
   259 | D:1      | Reached XP level 2. HP: 20/20 MP: 1/5
   699 | D:1      | Reached XP level 3. HP: 26/26 MP: 4/6
  1357 | D:2      | Learned a level 2 spell: Searing Ray
  1474 | D:2      | You fall into a shaft and drop 1 floor!
  1599 | D:2      | Reached skill level 5 in Conjurations
  1836 | D:2      | Reached XP level 4. HP: 33/33 MP: 6/8
  2624 | D:3      | Noticed a scorpion
  2640 | D:3      | Killed a scorpion
  2641 | D:3      | Reached XP level 5. HP: 38/39 MP: 0/9
  3170 | D:3      | Reached skill level 1 in Fighting
  3610 | D:4      | Found a shimmering altar of Xom.
  3642 | D:4      | Reached skill level 1 in Staves
  3963 | D:4      | Reached XP level 6. HP: 47/47 MP: 8/11
  4411 | D:5      | Entered Level 5 of the Dungeon
  4451 | D:5      | Noticed Eustachio
  4469 | D:5      | Killed Eustachio
  4609 | D:5      | Reached skill level 6 in Conjurations
  4609 | D:5      | Your scales start taking on a lurid green colour.
  4609 | D:5      | Reached XP level 7. HP: 52/52 MP: 1/13
  4609 | D:5      | Gained mutation: Your system is resistant to poisons.
                  | (rPois) [Green Draconian growth]
  4771 | D:5      | Noticed Prince Ribbit
  4782 | D:5      | Killed Prince Ribbit
  5060 | D:5      | Noticed Pikel
  5070 | D:5      | Killed Pikel
  5071 | D:5      | Reached skill level 5 in Spellcasting
  5071 | D:5      | Reached skill level 7 in Conjurations
  5071 | D:5      | Reached XP level 8. HP: 54/62 MP: 2/16
  5520 | D:6      | Found a glowing drain.
  5541 | Sewer    | Entered a sewer
  7563 | D:7      | Reached skill level 8 in Conjurations
  7576 | D:7      | Reached XP level 9. HP: 68/68 MP: 7/19
  8444 | D:7      | Found a runed translucent gate.
  8445 | D:7      | Noticed Xtruder99's ghost (novice OpFi)
  8447 | D:7      | Found a runed translucent gate.
  8447 | D:7      | Found a runed translucent gate.
  8450 | D:7      | Identified the +7 plate armour of Optimism {rPois Int+3
                  | Stlth+}
  8486 | D:7      | Found a staircase to the Ecumenical Temple.
  8571 | D:7      | Paralysed by a hornet for 3 turns
  8798 | Temple   | Entered the Ecumenical Temple
  8884 | Temple   | Became a worshipper of Sif Muna the Loreminder
  9293 | D:8      | Reached skill level 9 in Conjurations
  9476 | D:8      | Reached * piety under Sif Muna
  9668 | D:8      | Found an iron altar of Okawaru.
  9668 | D:8      | Found an ornate altar of the Wu Jian Council.
  9767 | D:8      | Paralysed by a hornet for 1 turns
  9832 | D:8      | Learned a level 4 spell: Iskenderun's Mystic Blast
  9845 | D:9      | Noticed a two-headed ogre
  9987 | D:8      | Killed a two-headed ogre
  9988 | D:8      | Reached XP level 10. HP: 55/78 MP: 10/22
 10069 | D:9      | Reached skill level 5 in Dodging
 10767 | D:9      | Reached skill level 1 in Translocations
 10768 | D:9      | Noticed a catoblepas
 10799 | D:9      | Killed a catoblepas
 10800 | D:9      | Reached skill level 10 in Conjurations
 11777 | D:9      | Found a staircase to the Lair.
 12115 | D:9      | Gained mutation: You passively map a small area around you.
                  | [potion of mutation]
 12115 | D:9      | Gained mutation: Your flesh is heat resistant. (rF+)
                  | [potion of mutation]
 12115 | D:9      | Gained mutation: You possess an exceptional clarity of
                  | mind. [potion of mutation]
 12116 | D:9      | Lost mutation: You possess an exceptional clarity of mind.
                  | [potion of mutation]
 12116 | D:9      | Lost mutation: Your flesh is heat resistant. (rF+) [potion
                  | of mutation]
 12116 | D:9      | Lost mutation: You passively map a small area around you.
                  | [potion of mutation]
 12116 | D:9      | Gained mutation: Your flesh is heat resistant. (rF+)
                  | [potion of mutation]
 12116 | D:9      | Gained mutation: You are occasionally teleported next to
                  | monsters. [potion of mutation]
 12117 | D:9      | Lost mutation: You are occasionally teleported next to
                  | monsters. [potion of mutation]
 12117 | D:9      | Lost mutation: Your flesh is heat resistant. (rF+) [potion
                  | of mutation]
 12117 | D:9      | Gained mutation: Your mind is acute. (Int +4, Str/Dex -1)
                  | [potion of mutation]
 12139 | D:10     | Entered Level 10 of the Dungeon
 12148 | D:10     | Reached ** piety under Sif Muna
 12299 | D:10     | Reached skill level 5 in Staves
 12414 | D:10     | Reached XP level 11. HP: 81/85 MP: 2/24
 12426 | D:10     | Reached skill level 1 in Invocations
 12583 | D:10     | Found Ycidiuni's Weapon Emporium.
 12583 | D:10     | Found a staircase to the Orcish Mines.
 12583 | D:10     | Found Qiymp's Armour Emporium.
 12819 | D:10     | Reached skill level 5 in Fighting
 13018 | D:10     | Noticed a sixfirhy
 13023 | D:10     | Noticed a sixfirhy
 13107 | D:10     | Bought a +2 cloak of preservation for 236 gold pieces
 13569 | Orc:1    | Entered Level 1 of the Orcish Mines
 13619 | Orc:1    | Noticed an orc sorcerer
 13625 | Orc:1    | Noticed an orc warlord
 13647 | Orc:1    | Noticed an orc high priest
 13647 | Orc:1    | Noticed an orc knight
 13655 | Orc:1    | Noticed an orc sorcerer
 13662 | Orc:1    | HP: 3/86 [orc sorcerer/bolt of fire[an orc warlord] (9)]
 13663 | Orc:1    | Killed from afar by an orc priest

Illustrated notes

Levels and vault maps discovered:
D:1:      tarquinn_simple_flora_water_e, layout_basic,
          shapermc_ecumenical_altar_venn
D:2:      layout_basic, kennysheep_generic_room_15
D:3:      layout_basic, minmay_starry_boxes
D:4:      layout_basic, xom_butterflies
D:5:      layout_rooms, uniq_pikel, uniq_prince_ribbit1, uniq_eustachio
D:6:      layout_cave_pods, portal_sewer_entry_f
D:7:      layout_loops_ring, temple_green, biasface_ghost_orc_armoury
D:8:      layout_rooms, nicolae_overflow_two_pavilions
D:9:      layout_stronghold, david_lair_shrubbed, grunt_ministairs_6
D:10:     layout_loops_ring, orc_david_3
Temple:   nicolae_temple_bog_church
Orc:1:    layout_caves, portal_ice_cave_entry_pillars_1, mines3_lemuel

Skill      XL: |  1  2  3  4  5  6  7  8  9 10 11 |
---------------+----------------------------------+-----
Dodging        | 2 3 4 6 |  6.1
Conjurations   | 5 6 7 8 9 10 | 10.4
Stealth        | 2 3 4 |  4.2
Spellcasting   | 3 4 5 6 8 9 |  9.2
Fighting       | 1 2 4 5 |  5.0
Staves         | 1 2 5 |  5.4
Translocations | 2 |  2.1
Invocations    | 2 |  2.0
Unarmed Combat | |  0.1

Action                     |  1- 3 |  4- 6 |  7- 9 | 10-12 || total
---------------------------+-------+-------+-------+-------++-------
  Melee: Unarmed           |    15 |       |       |       ||    15
         Tailslap          |     1 |    16 |     6 |    51 ||    74
         Staff             |       |    92 |    54 |   244 ||   390
         Punch             |       |     2 |       |     6 ||     8
   Cast: Magic Dart        |    74 |   111 |   187 |    95 ||   467
         Searing Ray       |       |    11 |    53 |    45 ||   109
         Iskenderun's Myst |       |       |     4 |    24 ||    28
Ability: Breathe Noxious F |       |       |     1 |     2 ||     3
  Evoke: Wand              |       |       |       |     1 ||     1
    Use: Scroll            |     3 |    10 |     4 |     7 ||    24
         Potion            |       |     1 |       |     7 ||     8
 Armour: Skin              |     7 |    44 |    42 |    71 ||   164
  Dodge: Dodged            |     9 |    69 |    80 |   129 ||   287

Table legend: (Time is in decaauts)
 A = Elapsed time spent in this place.
 B = Non-inter-level travel time spent in this place.
 C = Inter-level travel time spent in this place.
 D = Time resting spent in this place.
 E = Time spent auto-exploring this place.
 F = Levels seen in this place.
 G = Mean time per level.
                   A        B        C        D        E       F      G
               +--------+--------+--------+--------+--------+-----+--------+
         Total |  13786 |  13247 |    539 |      0 |  11307 |  13 | 1060.5 |
       Dungeon |  12877 |  12397 |    480 |      0 |  10659 |  10 | 1287.7 |
        Temple |     93 |     34 |     59 |      0 |     12 |   1 |   93.0 |
  Orcish Mines |     93 |     93 |      0 |      0 |     31 |   1 |   93.0 |
         Sewer |    721 |    721 |      0 |      0 |    604 |   1 |  721.0 |
               +--------+--------+--------+--------+--------+-----+--------+

Top non-repeatable levels by time:
     D:9: 1874 daAuts
     D:7: 1561 daAuts
    D:10: 1436 daAuts
     D:3: 1311 daAuts
     D:6: 1298 daAuts
     D:8: 1275 daAuts
     D:2: 1148 daAuts
     D:1: 1136 daAuts
     D:5: 1012 daAuts
     D:4: 821 daAuts
   Sewer: 721 daAuts
  Temple: 93 daAuts
   Orc:1: 93 daAuts
